 Dungeon Crawl Stone Soup version 0.27-a0-676-gc1da3516c2 (webtiles) character file.

Game seed: 14663210289077623383

2893 Dreamer the Blocker (level 10, -4/80 HPs)
             Began as a Formicid Fighter on Mar 18, 2021.
             Was a Believer of Cheibriados.
             Slain by an eight-headed hydra (12 damage)
             ... on level 7 of the Dungeon.
             The game lasted 00:35:21 (10171 turns).

Dreamer the Blocker (Formicid Fighter)             Turns: 10171, Time: 00:35:22

Health: -4/80      AC:  8    Str: 29    XL:     10   Next: 5%
Magic:  10/10      EV: 10    Int: 11    God:    Cheibriados [**....]
Gold:   315        SH: 12    Dex: 15    Spells: 9/9 levels left

rFire    . . .     SeeInvis +   A - +4 morningstar (freeze)
rCold    + . .     Faith    .   c - +0 kite shield
rNeg     . . .     Spirit   .   b - +0 scale mail
rPois    .         Reflect  .   (helmet unavailable)
rElec    .         Harm     .   (no cloak)
rCorr    .         Rampage  .   (no gloves)
Will     +....                  (no boots)
Stlth    ..........             e - amulet of the acrobat
HPRegen  0.23/turn              (no ring)
MPRegen  0.12/turn              (no ring)

@: very slow
A: permanent stasis, dig shafts and tunnels, antennae 3, four strong arms, cold
resistance 1, dopey 1
a: Dig, Shaft Self, Renounce Religion, Bend Time


You were on level 7 of the Dungeon.
You worshipped Cheibriados.
Cheibriados was pleased with you.
You visited 2 branches of the dungeon, and saw 8 of its levels.
You also visited: Sewer.

You collected 315 gold pieces.

Inventory:

Hand Weapons
 a - a +5 flail of protection
 s - a +3 long sword
 A - a +4 morningstar of freezing (weapon)
Armour
 b - a +0 scale mail (worn)
 c - a +0 kite shield (worn)
Jewellery
 e - an amulet of the acrobat (around neck)
 l - a ring of wizardry
Wands
 y - a wand of mindburst (3)
Scrolls
 i - a scroll of random uselessness {unknown}
 n - a scroll of holy word {unknown}
 o - 3 scrolls of teleportation {unknown}
 q - a scroll of fear {unknown}
 r - a scroll of enchant weapon {unknown}
 t - 2 scrolls of magic mapping {unknown}
 u - a scroll of blinking {unknown}
 w - a scroll of noise {unknown}
Potions
 d - 2 potions of might
 g - a potion of brilliance
 j - a potion of heal wounds {unknown}
 k - a potion of mutation
 m - a potion of invisibility
 p - 3 potions of magic {unknown}
 x - a potion of flight {unknown}
 z - 4 potions of curing


   Skills:
 + Level 8.0 Fighting
 + Level 6.9 Maces & Flails
 + Level 7.9 Armour
 + Level 8.7 Shields


You had 9 spell levels left.
You didn't know any spells.
Your spell library contained the following spells:

 Spells                   Type           Power      Damage    Failure   Level
 Animate Dead             Necr           0%         N/A       100%        4
 Borgnjor's Vile Clutch   Necr/Erth      0%         N/A       100%        5
 Death Channel            Necr           0%         N/A       100%        6
 Simulacrum               Ice/Necr       0%         N/A       100%        6


Dungeon Overview and Level Annotations

Branches:
Dungeon (7/15)             Temple (1/1) D:4           Sewer (visited)

Altars:
Ashenzari
Cheibriados
Dithmenos
Fedhas
Gozag
Kikubaaqudgha
Nemelex Xobeh
Qazlal
Ru
Trog
Vehumet
Zin
The Shining One

Annotations:
D:4 exclusion: statue
D:6 2 transporters, Beaer's ghost, novice VSBr


Innate Abilities, Weirdness & Mutations

You cannot be hasted, slowed, berserked, paralysed or teleported.
You can dig through walls and to a lower floor.
You have a pair of large antennae on your head. (SInv)
Your four strong arms can wield two-handed weapons with a shield.
Your flesh is cold resistant. (rC+)
You are dopey. (Int -2)


Message History

The eight-headed hydra is lightly wounded.
You completely miss the eight-headed hydra.
The eight-headed hydra is lightly wounded.
The eight-headed hydra barely misses you.
You block the eight-headed hydra's attack.
The eight-headed hydra bites you but does no damage.
The eight-headed hydra bites you.
The eight-headed hydra bites you but does no damage. x2
The eight-headed hydra closely misses you.
The eight-headed hydra bites you!
You hit the eight-headed hydra.
The eight-headed hydra seems to slow down.
You freeze the eight-headed hydra.
The eight-headed hydra is lightly wounded.
The eight-headed hydra closely misses you.
You block the eight-headed hydra's attack.
The eight-headed hydra closely misses you.
The eight-headed hydra bites you! x2
The eight-headed hydra bites you but does no damage. x2
The eight-headed hydra bites you!
You bludgeon the eight-headed hydra!! You freeze the eight-headed hydra.
The eight-headed hydra is heavily wounded.
You impale the eight-headed hydra!! You freeze the eight-headed hydra.
The eight-headed hydra is almost dead.
The eight-headed hydra bites you. x2
* * * LOW HITPOINT WARNING * * *
The eight-headed hydra barely misses you.
The eight-headed hydra bites you.
* * * LOW HITPOINT WARNING * * *
The eight-headed hydra bites you.
* * * LOW HITPOINT WARNING * * *
The eight-headed hydra bites you!
* * * LOW HITPOINT WARNING * * *
You block the eight-headed hydra's attack.
The eight-headed hydra barely misses you.
Okay, then.
You feel better.
The eight-headed hydra bites you but does no damage. x2
The eight-headed hydra bites you!
You die...

### ##D###
#@#..##
####..## .
##....##...
#....D.....
##.........
##...........
#...##..##...
###..## #.#
... #...###
... ..


You could see an eight-headed hydra (slow).

Vanquished Creatures
  Sigmund (D:6)
  Edmund (D:5)
  An ice beast (D:6)
  A sky beast (D:6)
  An ogre (D:5)
  2 centaurs
  2 phantoms
  6 kobold brigands (Sewer)
  Blork the orc (D:4)
  A bullfrog (D:7)
  3 scorpions (D:5)
  The ghost of fram the Shield-Bearer, a weakling FoFi (D:3)
  3 killer bees (D:6)
  4 wights (D:6)
  A howler monkey (D:4)
  An orc priest (D:3)
  2 hounds
  Crazy Yiuf (D:6)
  3 bullfrog skeletons
  A gnoll shaman (D:5)
  Jessica (D:2)
  Ijyb (D:5)
  2 iguanas
  5 orc wizards (D:4)
  7 worker ants
  9 adders
  8 gnolls
  5 river rats (Sewer)
  A white imp (D:5)
  2 ufetubi
  An ooze (D:3)
  6 worms
  2 dart slugs
  5 leopard geckos
  10 orcs
  12 ball pythons
  3 giant cockroaches (D:3)
  7 goblins
  8 hobgoblins
  3 jackals (D:5)
  7 quokkas
  9 bats
  4 frilled lizards
  A giant cockroach zombie (D:5)
  10 kobolds
  A quokka zombie (D:6)
  8 rats
175 creatures vanquished.

Notes
Turn   | Place    | Note
-------+----------+-------------------------------------------
     0 | D:1      | Dreamer the Formicid Fighter began the quest for the Orb.
     0 | D:1      | Reached XP level 1. HP: 18/18 MP: 1/1
   501 | D:1      | Reached XP level 2. HP: 14/24 MP: 2/2
  1031 | D:2      | Noticed Jessica
  1423 | D:2      | Killed Jessica
  1424 | D:2      | Reached XP level 3. HP: 16/30 MP: 3/3
  1458 | D:2      | Found an ancient bone altar of Kikubaaqudgha.
  1689 | D:2      | Reached XP level 4. HP: 37/37 MP: 4/4
  1903 | D:2      | Found a broken altar of Ashenzari.
  1921 | D:2      | Found a bloodstained altar of Trog.
  1921 | D:2      | Found a sacrificial altar of Ru.
  1922 | D:2      | Found a blossoming altar of Fedhas.
  1923 | D:2      | Found a sparkling altar of Nemelex Xobeh.
  1924 | D:2      | Found a glowing silver altar of Zin.
  2508 | D:3      | Found a glowing drain.
  2536 | Sewer    | Entered a sewer
  2686 | Sewer    | Reached XP level 5. HP: 26/42 MP: 5/5
  2970 | Sewer    | Noticed a kobold brigand
  3001 | Sewer    | Killed a kobold brigand
  3127 | Sewer    | Noticed a kobold brigand
  3152 | Sewer    | Killed a kobold brigand
  3153 | Sewer    | Reached skill level 5 in Shields
  3153 | Sewer    | Reached XP level 6. HP: 30/49 MP: 6/6
  3585 | Sewer    | Reached XP level 7. HP: 51/55 MP: 7/7
  3739 | Sewer    | Reached skill level 5 in Fighting
  3739 | Sewer    | Reached skill level 5 in Armour
  4317 | D:3      | Found a glowing golden altar of the Shining One.
  4376 | D:3      | Found a shadowy altar of Dithmenos.
  4419 | D:3      | Found a runed translucent gate.
  4420 | D:3      | Found a runed translucent gate.
  4420 | D:3      | Noticed fram's ghost (weakling FoFi)
  4421 | D:3      | Found a runed translucent gate.
  5517 | D:3      | Reached XP level 8. HP: 45/63 MP: 8/8
  5526 | D:3      | Killed fram's ghost
  6027 | D:4      | Noticed Blork the orc
  6060 | D:4      | Killed Blork the orc
  6443 | D:4      | Found a staircase to the Ecumenical Temple.
  6451 | Temple   | Entered the Ecumenical Temple
  6459 | Temple   | Became a worshipper of Cheibriados the Contemplative
  6612 | D:4      | Reached skill level 5 in Maces & Flails
  6758 | D:4      | Found an opulent altar of Gozag.
  6797 | D:4      | Found a radiant altar of Vehumet.
  7174 | D:5      | Entered Level 5 of the Dungeon
  7639 | D:5      | Reached XP level 9. HP: 71/71 MP: 9/9
  7682 | D:5      | Reached * piety under Cheibriados
  7722 | D:5      | Noticed Ijyb
  7738 | D:5      | Killed Ijyb
  8048 | D:5      | Gained mutation: You are dopey. (Int -2) [potion of
                  | mutation]
  8048 | D:5      | Gained mutation: You are clumsy. (Dex -2) [potion of
                  | mutation]
  8048 | D:5      | Gained mutation: You are strong-willed. (Will+) [potion of
                  | mutation]
  8049 | D:5      | Lost mutation: You are dopey. (Int -2) [potion of mutation]
  8049 | D:5      | Lost mutation: You are strong-willed. (Will+) [potion of
                  | mutation]
  8049 | D:5      | Lost mutation: You are clumsy. (Dex -2) [potion of
                  | mutation]
  8049 | D:5      | Gained mutation: You are dopey. (Int -2) [potion of
                  | mutation]
  8049 | D:5      | Gained mutation: Your flesh is cold resistant. (rC+)
                  | [potion of mutation]
  8072 | D:5      | Identified the +1 leather armour "Itrov" {Dex+2}
  8725 | D:6      | Noticed Edmund
  8748 | D:5      | Killed Edmund
  8931 | D:6      | Noticed Sigmund
  8944 | D:6      | Killed Sigmund
  8983 | D:6      | Noticed Beaer's ghost (novice VSBr)
  9000 | D:6      | Found a transporter.
  9022 | D:6      | Found a transporter.
  9389 | D:6      | Reached ** piety under Cheibriados
  9748 | D:6      | Found a runed translucent door.
  9749 | D:6      | Noticed Crazy Yiuf
  9755 | D:6      | Killed Crazy Yiuf
 10049 | D:7      | Noticed an eight-headed hydra
 10107 | D:7      | Reached XP level 10. HP: 80/80 MP: 10/10
 10118 | D:7      | Found a glowing silver altar of Zin.
 10170 | D:7      | HP: 3/80 [eight-headed hydra (8)]
 10171 | D:7      | Slain by an eight-headed hydra

Illustrated notes

Levels and vault maps discovered:
D:1:      mushboom_english_gardens, layout_basic
D:2:      layout_rooms, nicolae_overflow_crystal_walls, minitemple, uniq_jessica
D:3:      layout_loops_corners, tso_metal_star, gammafunk_ghost_split,
          portal_sewer_entry_e, grunt_dithmenos_smoke
D:4:      layout_rooms, vehumet_statue, kennysheep_little_box,
          minmay_temple_entry_statues, serial_corexii_hall,
          chequers_hall_statues_y, chequers_hall_statues_wall_a,
          corexii_hall_statues_x, chequers_hall_statues_corner_a,
          corexii_hall_statues_i, chequers_hall_statues_corner_a,
          uniq_blork_the_orc
D:5:      layout_basic, uniq_ijyb
D:6:      minmay_inner_zag, layout_cave_pools, gammafunk_ghost_stat_death,
          uniq_sigmund, uniq_crazy_yiuf_cottage, uniq_edmund
D:7:      layout_cave_pools, basic_altar, gammafunk_ghost_gnarly_gnolls,
          uniq_maggie, uniq_duvessa, uniq_pikel
Temple:   dpeg_three_leaves_temple

Skill      XL: |  1  2  3  4  5  6  7  8  9 10 |
---------------+-------------------------------+-----
Shields        | 4 5 6 7 8 |  8.7
Armour         | 4 5 6 7 |  7.9
Fighting       | 4 5 6 7 8 |  8.0
Maces & Flails | 3 4 5 6 |  6.9

Action                   |  1- 3 |  4- 6 |  7- 9 | 10-12 || total
-------------------------+-------+-------+-------+-------++-------
Melee: Flail             |    89 |   205 |   276 |       ||   570
       Morningstar       |       |       |   233 |    11 ||   244
 Abil: Dig               |       |     4 |    23 |     1 ||    28
  Use: Scroll            |       |       |     5 |       ||     5
       Potion            |       |       |     2 |     1 ||     3
Armor: Scale mail        |    31 |    73 |   131 |     8 ||   243
Dodge: Dodged            |    26 |    53 |   274 |     8 ||   361
Block: Kite shield       |    52 |   108 |   367 |     4 ||   531
       Rpst.: Long sword |       |       |    25 |       ||    25

Table legend: (Time is in decaauts)
 A = Elapsed time spent in this place.
 B = Non-inter-level travel time spent in this place.
 C = Inter-level travel time spent in this place.
 D = Time resting spent in this place.
 E = Time spent auto-exploring this place.
 F = Levels seen in this place.
 G = Mean time per level.
                   A        B        C        D        E       F      G
               +--------+--------+--------+--------+--------+-----+--------+
         Total |  11266 |  11112 |    154 |   3882 |   4652 |   9 | 1251.8 |
       Dungeon |   9315 |   9161 |    154 |   2993 |   4024 |   7 | 1330.7 |
        Temple |     18 |     18 |      0 |      0 |      0 |   1 |   18.0 |
         Sewer |   1932 |   1932 |      0 |    889 |    628 |   1 | 1932.0 |
               +--------+--------+--------+--------+--------+-----+--------+

Top non-repeatable levels by time:
     D:5: 1956 daAuts
   Sewer: 1932 daAuts
     D:3: 1844 daAuts
     D:4: 1559 daAuts
     D:1: 1557 daAuts
     D:6: 1539 daAuts
     D:2: 766 daAuts
     D:7: 91 daAuts
  Temple: 18 daAuts
